 Dungeon Crawl Stone Soup version 0.25.1-2-g60ff931df9 (webtiles) character file.

Game seed: 6700305364155687155

1734 pokeman the Thaumaturge (level 8, -2/44 HPs)
             Began as a Deep Elf Wizard on Oct 7, 2020.
             Was a Follower of Vehumet.
             Shot with an arrow by a centaur (10 damage)
             ... on level 6 of the Dungeon.
             The game lasted 00:21:20 (8320 turns).

pokeman the Thaumaturge (Deep Elf Wizard)           Turns: 8320, Time: 00:21:21

Health: -2/44      AC:  5    Str:  4    XL:     8   Next: 76%
Magic:  20/23      EV: 12    Int: 26    God:    Vehumet [*.....]
Gold:   222        SH:  0    Dex: 13    Spells: 14/25 levels left

rFire    + . .     SeeInvis .   (no weapon)
rCold    . . .     Gourm    .   (no shield)
rNeg     . . .     Faith    .   c - +0 leather armour
rPois    .         Spirit   .   b - +0 hat
rElec    .         Reflect  .   n - +0 cloak
rCorr    .         Harm     .   (no gloves)
MR       .....                  h - +0 pair of boots
Stlth    ++........             (no amulet)
HPRegen  0.14/turn              y - ring of protection from fire
MPRegen  0.18/turn              (no ring)

@: no status effects
A: no striking features
a: Renounce Religion


You were on level 6 of the Dungeon.
You worshipped Vehumet.
Vehumet was aware of your devotion.
You were hungry.

You visited 2 branches of the dungeon, and saw 7 of its levels.

You collected 222 gold pieces.

Inventory:

Missiles
 p - 4 curare-tipped darts (quivered)
 t - 43 bolts
Armour
 b - a +0 hat (worn)
 c - a +0 leather armour (worn)
 h - a +0 pair of boots (worn)
 n - a +0 cloak (worn)
Jewellery
 y - a ring of protection from fire (left hand)
Scrolls
 f - a scroll of random uselessness {unknown}
 g - 6 scrolls of identify {unknown}
 i - 7 scrolls of fog {unknown}
 m - a scroll of blinking {unknown}
 r - a scroll of amnesia {unknown}
 s - 2 scrolls of teleportation {unknown}
 v - a scroll of fear {unknown}
Potions
 a - a potion of flight {unknown}
 e - 2 potions of curing {unknown}
 j - a potion of brilliance {unknown}
 k - a potion of lignification {unknown}
 l - a potion of ambrosia {unknown}
 o - a potion of cancellation {unknown}
 q - 3 potions of degeneration {unknown}
 u - a potion of might {unknown}
 w - a potion of berserk rage {unknown}
 x - a potion of stabbing {unknown}
Comestibles
 d - 6 rations


   Skills:
 + Level 2.0 Fighting
 - Level 3.4 Armour
 - Level 3.0 Dodging
 - Level 3.0 Stealth
 + Level 9.0 Spellcasting
 + Level 6.1 Conjurations
 - Level 1.1 Summonings
 - Level 1.1 Translocations
 + Level 4.7 Fire Magic
 - Level 1.1 Air Magic
 - Level 2.0 Poison Magic


You had 14 spell levels left.
You knew the following spells:

 Your Spells              Type           Power        Failure   Level  Hunger
a - Magic Dart            Conj           ####         1%          1    None
b - Mephitic Cloud        Conj/Pois/Air  ####....     7%          3    None
c - Call Imp              Summ           ###.....     9%          2    None
d - Blink                 Tloc           N/A          9%          2    None
e - Conjure Flame         Conj/Fire      #####...     2%          3    None

Your spell library contained the following spells:

 Spells                   Type           Power        Failure   Level  Hunger
 Freeze                   Ice            ##..         9%          1    None
 Slow                     Hex            ##......     13%         2    None


Dungeon Overview and Level Annotations

Branches:
Dungeon (6/15)             Temple (1/1) D:4

Altars:
Dithmenos
Sif Muna
Trog
Uskayaw
Vehumet
Xom


Message History

You see here an arrow.
Unknown command.
Casting: Magic Dart (safe; 1% risk of failure)
Confirm with . or Enter, or press ? or * to list all spells.
Aiming: Mephitic Cloud (dangerous; 7% risk of failure)
Press: ? - help, Shift-Dir - straight line The ball explodes into a vile cloud!
The stinking cloud engulfs the orc but does no damage.
The stinking cloud engulfs the orc wizard but does no damage.
You hear an angry hiss.
An iguana comes into view.
The orc wizard points at you and mumbles some strange words.
You easily resist.
Unknown command.
The centaur shoots an arrow.
The arrow hits you! The arrow freezes you. The orc wizard casts a spell at you.
The magic dart hits you!
* * * LOW HITPOINT WARNING * * *
The centaur shoots an arrow.
The arrow hits you!
You die...

... ... ... ...
... ... . ...
..c ...
.....#### ...
....o○.@# ...
.....☼o$.......
...
......#.#.#....
... ......#.#.#
.. ... .....
#.. # ... .....
.l. ... ....
... .... ....


You could see a centaur, an iguana, an orc wizard and an orc.

Vanquished Creatures
  The ghost of Morgon the Basher, a novice TrGl (D:5)
  2 ice beasts (D:5)
  A centaur (D:5)
  2 ogres
  A bullfrog (D:3)
  2 scorpions
  A howler monkey (D:5)
  A crimson imp (D:4)
  A bullfrog zombie (D:5)
  A centaur zombie (D:6)
  An orc priest (D:4)
  A hound (D:4)
  2 iguanas
  3 orc wizards (D:5)
  5 worker ants
  4 gnolls (D:2)
  6 adders
  3 worms
  3 dart slugs (D:1)
  2 leopard geckos
  18 orcs
  4 giant cockroaches
  14 goblins
  7 hobgoblins
  2 jackals (D:3)
  A quokka (D:2)
  2 ball pythons
  5 bats
  5 frilled lizards
  A jackal skeleton (D:4)
  6 kobolds
  A leopard gecko skeleton (D:3)
  2 quokka skeletons
  8 rats
119 creatures vanquished.

Vanquished Creatures (collateral kills)
  2 adders (D:5)
2 creatures vanquished.

Grand Total: 121 creatures vanquished

Notes
Turn   | Place    | Note
-------+----------+-------------------------------------------
     0 | D:1      | pokeman the Deep Elf Wizard began the quest for the Orb.
     0 | D:1      | Reached XP level 1. HP: 10/10 MP: 7/7
   353 | D:1      | Reached XP level 2. HP: 15/15 MP: 6/9
   392 | D:1      | Reached skill level 5 in Spellcasting
   712 | D:1      | Reached XP level 3. HP: 19/19 MP: 4/11
   717 | D:1      | Learned a level 3 spell: Mephitic Cloud
   720 | D:1      | Learned a level 2 spell: Call Imp
   723 | D:1      | Learned a level 2 spell: Blink
   727 | D:1      | Learned a level 3 spell: Conjure Flame
  1933 | D:2      | Reached XP level 4. HP: 21/24 MP: 4/13
  2893 | D:3      | Noticed a bullfrog
  2895 | D:3      | Reached skill level 6 in Spellcasting
  2902 | D:3      | Killed a bullfrog
  2902 | D:3      | Reached skill level 1 in Fighting
  2902 | D:3      | Reached skill level 1 in Poison Magic
  2902 | D:3      | Reached XP level 5. HP: 23/29 MP: 3/15
  3274 | D:3      | HP: 1/29 [poisoned by kobold (curare-tipped dart)]
  3697 | D:3      | Found a shadowy altar of Dithmenos.
  3703 | D:3      | Found a shimmering blue altar of Sif Muna.
  4714 | D:4      | Found a staircase to the Ecumenical Temple.
  4719 | D:4      | Reached XP level 6. HP: 34/34 MP: 10/17
  4832 | Temple   | Entered the Ecumenical Temple
  4845 | Temple   | Became a worshipper of Vehumet
  4975 | D:4      | Reached skill level 1 in Armour
  4975 | D:4      | Reached skill level 1 in Air Magic
  5291 | D:4      | Reached skill level 7 in Spellcasting
  5291 | D:4      | Reached skill level 1 in Fire Magic
  5412 | D:4      | Reached XP level 7. HP: 38/39 MP: 10/19
  5862 | D:5      | Entered Level 5 of the Dungeon
  5946 | D:5      | Found a runed translucent door.
  7040 | D:5      | Reached skill level 5 in Conjurations
  7097 | D:5      | Reached * piety under Vehumet
  7097 | D:5      | Offered knowledge of Freeze by Vehumet.
  7245 | D:5      | Reached XP level 8. HP: 38/44 MP: 12/21
  7255 | D:5      | Reached skill level 8 in Spellcasting
  7388 | D:5      | Noticed Morgon's ghost (novice TrGl)
  7638 | D:6      | Noticed a hippogriff
  8122 | D:5      | Killed Morgon's ghost
  8272 | D:6      | Reached skill level 9 in Spellcasting
  8320 | D:6      | Shot with an arrow by a centaur

Illustrated notes

Levels and vault maps discovered:
D:1:      erik_arrival_orb_chamber, layout_basic
D:2:      layout_loops_ring, hangedman_decor_opposing
D:3:      cheibrodos_old_hovel, layout_basic, amethyst_overflow_temple_binary,
          gup_sewer_entry_spiral, first_ration
D:4:      layout_loops_corners, minmay_temple_entry_proselytizer
D:5:      minmay_skewed_foursquare, layout_basic, ebering_ghost_sewer_d
D:6:      layout_basic, serial_shops, shop, lemuel_flamethrower_1
Temple:   regret_index_temple_sphere_string

Skill      XL: |  1  2  3  4  5  6  7  8 |
---------------+-------------------------+-----
Spellcasting   | 5 6 7 9 |  9.0
Conjurations   | 2 3 4 5 6 |  6.1
Stealth        | 3 |  3.0
Dodging        | 3 |  3.0
Fighting       | 1 2 |  2.0
Poison Magic   | 1 2 |  2.0
Armour         | 1 2 3 |  3.4
Air Magic      | 1 |  1.1
Fire Magic     | 1 3 4 |  4.7
Summonings     | |  1.1
Translocations | |  1.1

Action                   |  1- 3 |  4- 6 |  7- 9 || total
-------------------------+-------+-------+-------++-------
Melee: Unarmed           |     7 |    13 |    11 ||    31
 Cast: Magic Dart        |   104 |   170 |   135 ||   409
       Mephitic Cloud    |       |     2 |     9 ||    11
       Conjure Flame     |       |     2 |    11 ||    13
       Call Imp          |       |       |    15 ||    15
       Blink             |       |       |     1 ||     1
 Stab: Confused          |       |     2 |     1 ||     3
  Eat: Chunk             |     2 |     8 |     8 ||    18
       Ration            |       |     1 |       ||     1
Armor: Leather armour    |     6 |    15 |     9 ||    30
Dodge: Dodged            |    18 |    28 |    32 ||    78
